Map: Terrasses de Prion

Players

zidar - Winner!

  • Race: Zerg Zerg
  • League: Silver
  • Spawn Location: 11:00

Carpenter

  • Race: Terran Terran
  • League: Silver
  • Spawn Location: 5:00

VOD

Have the link to the VOD?

Description

Time

  • Played on: Jan. 18, 2016, 2:58 p.m.
  • Length: 22:02
Show
View Real Time Build Order
Export as new Build Order

zidar Zerg - Winner!

Build Orders: Hatch First, Muta Ling Bane 

Get SALT Encoding   

  12  0:02  Drone  
  13  0:12  Overlord  
  13  0:18  Drone  
  14  0:30  Drone x2  
  14  0:34  Drone  
  17  0:56  Hatchery  
  17  0:57  Drone  
  17  1:16  Spawning Pool  
  16  1:19  Drone x2  
  16  1:23  Extractor  
  16  1:24  Drone  
  18  1:31  Overlord  
  18  1:44  Drone  
  19  2:03  Queen  
  19  2:07  Queen  
  23  2:13  Zergling x6  
  26  2:22  Metabolic Boost  
  26  2:26  Drone x3  
  29  2:32  Extractor  
  28  2:40  Evolution Chamber  
  27  2:50  Overlord x2  
  27  3:12  Zergling x2  
  28  3:13  Zergling x16  
  36  3:29  Drone  
  37  3:38  Baneling Nest, Drone  
  37  3:57  Drone x4  
  37  3:59  Lair  
  40  4:15  Overlord x2  
  40  4:19  Zergling x4  
  40  4:20  Zergling x2  
  43  4:38  Zergling x8  
  44  4:39  Zergling x6  
  44  4:41  Baneling x4  
  44  4:42  Baneling x2  
  44  4:43  Baneling  
  50  5:06  Spire  
  49  5:32  Drone x7  
  56  5:37  Hatchery  
  55  5:43  Zerg Ground Armor Level 1  
  55  5:44  Evolution Chamber  
  55  5:46  Centrifical Hooks  
  54  5:51  Extractor  
  54  5:54  Extractor  
  52  6:14  Drone  
  47  7:14  Queen  
  48  7:19  Zergling x2  
  48  7:20  Zergling x26  
  62  7:23  Mutalisk  
  62  7:24  Mutalisk  
  62  7:27  Overlord x2  
  62  7:28  Overlord  
  66  7:37  Zerg Melee Weapons Level 1  
  66  7:45  Hatchery  
  66  7:48  Baneling x2  
  66  7:49  Baneling x7  
  65  7:51  Mutalisk  
  65  7:52  Mutalisk  
  65  7:55  Zergling x16  
  77  8:12  Drone x2  
  79  8:31  Zerg Ground Armor Level 2  
  79  8:47  Infestation Pit  
  78  8:57  Drone x5  
  78  8:58  Drone  
  84  9:10  Mutalisk x4  
  84  9:16  Zergling x2  
  93  9:18  Zergling x6  
  93  9:20  Overlord x2  
  93  9:21  Overlord  
  93  9:22  Overlord x2  
  96  9:31  Zerg Melee Weapons Level 2  
  96  9:39  Hive  
  96  10:13  Zerg Flyer Weapons Level 1  
  96  10:59  Ultralisk Cavern  
  95  11:13  Adrenal Glands  
  95  11:29  Drone x4  
  99  11:34  Extractor x2  
  97  11:41  Baneling x3  
  97  11:42  Extractor x2, Baneling x2  
  97  11:43  Baneling  
  95  11:55  Chitinous Plating  
  95  11:59  Zerg Ground Armor Level 3  
  95  12:01  Zerg Melee Weapons Level 3  
  95  12:17  Drone x2  
  97  12:43  Overlord x5  
  97  12:44  Overlord x2  
  87  13:04  Drone  
  87  13:05  Drone x2  
  89  13:08  Drone x2  
  89  13:09  Drone x2  
  89  13:10  Drone x2  
  95  13:17  Ultralisk x2  
  95  13:18  Ultralisk x3  
  131  13:27  Ultralisk  
  131  13:33  Drone x2  
  133  13:38  Drone  
  134  13:57  Ultralisk  
  140  14:11  Drone  
  140  14:12  Drone x5  
  146  14:30  Ultralisk  
  152  14:50  Ultralisk  
  97  15:36  Zergling x2  
  97  15:37  Zergling x36  
  97  15:38  Zergling x2  
  63  16:28  Mutalisk  
  63  16:29  Mutalisk x7  
  79  16:38  Mutalisk  
  79  16:39  Mutalisk  
  80  17:07  Mutalisk x4  
  86  17:36  Mutalisk x4  
  79  17:37  Mutalisk  
  87  18:05  Mutalisk  
  87  18:06  Mutalisk x3  
  59  18:53  Ultralisk  
  59  18:54  Ultralisk x3  
  81  18:55  Mutalisk  
  81  18:56  Mutalisk  
  85  19:33  Hatchery  
  90  19:45  Ultralisk  
  90  19:46  Ultralisk x2  
  90  19:50  Overseer x2  
  102  20:06  Mutalisk  
  102  20:07  Mutalisk x2, Ultralisk  
  114  20:17  Pneumatized Carapace  
  114  20:37  Mutalisk, Ultralisk x2  
Show
View Real Time Build Order
Export as new Build Order

Carpenter Terran 

Build Orders:  

Get SALT Encoding   

  12  0:03  SCV  
  13  0:15  SCV  
  14  0:27  SCV  
  15  0:28  Supply Depot  
  15  0:52  Supply Depot  
  15  0:53  Barracks  
  15  0:56  SCV  
  16  0:59  Refinery  
  16  1:08  SCV  
  17  1:18  Refinery  
  17  1:20  SCV  
  18  1:32  SCV  
  19  1:40  Marine  
  19  1:44  SCV  
  21  1:56  SCV  
  21  1:57  Factory  
  22  2:08  SCV  
  22  2:14  Engineering Bay  
  23  2:19  Supply Depot  
  23  2:20  SCV  
  23  2:21  Marine  
  25  2:25  Barracks  
  25  2:33  SCV  
  26  2:40  Marine  
  27  2:46  Orbital Command  
  27  2:47  Factory Tech Lab  
  27  2:55  Supply Depot  
  27  3:02  Missile Turret  
  27  3:11  Marine  
  28  3:14  Siege Tank  
  28  3:17  Marine  
  32  3:26  Terran Infantry Weapons Level 1  
  32  3:31  Marine  
  33  3:35  Marine  
  34  3:47  Bunker  
  34  3:56  Siege Tank  
  34  3:59  Marine x2  
  39  4:07  SCV  
  40  4:15  Command Center  
  40  4:17  Marine  
  41  4:25  Supply Depot  
  41  4:27  Marine  
  42  4:35  Marine  
  43  4:45  Marine  
  43  4:48  SCV  
  43  4:49  Supply Depot  
  45  4:52  Marine  
  45  4:56  Supply Depot  
  46  5:03  Marine  
  50  5:07  SCV  
  50  5:10  Marine, Widow Mine  
  51  5:17  Bunker  
  51  5:20  Terran Infantry Armor Level 1  
  51  5:21  Marine  
  52  5:28  Marine, Missile Turret  
  52  5:33  Orbital Command  
  53  5:39  Marine  
  54  5:46  Marine  
  57  5:56  Widow Mine  
  57  6:00  Missile Turret  
  57  6:05  Barracks Tech Lab  
  57  6:15  Barracks  
  57  6:17  Siege Tank  
  60  6:18  Barracks Tech Lab, SCV  
  60  6:19  SCV  
  60  6:20  Starport  
  62  6:27  Supply Depot  
  64  6:55  Combat Shield, Stimpack  
  64  6:56  Widow Mine  
  60  7:13  Medivac  
  61  7:17  Siege Tank  
  61  7:21  Missile Turret  
  64  7:43  Missile Turret, Medivac  
  66  7:44  Barracks Reactor  
  66  7:46  Orbital Command  
  66  7:49  Missile Turret  
  66  8:01  Marine  
  67  8:05  Missile Turret  
  67  8:09  Missile Turret  
  67  8:17  Marine  
  67  8:19  Marine  
  69  8:23  SCV x2  
  71  8:33  Refinery  
  71  8:34  Marine  
  71  8:35  SCV  
  71  8:40  Missile Turret  
  73  8:42  Starport Tech Lab  
  73  8:44  Starport  
  73  8:46  Starport  
  73  8:47  Concussive Shells  
  73  8:49  Marine  
  74  9:02  Sensor Tower  
  76  9:03  Widow Mine  
  76  9:09  Explosive Shrapnel Shells  
  76  9:11  Raven  
  78  9:19  Refinery  
  78  9:21  SCV x2  
  80  9:25  Starport Tech Lab  
  80  9:31  Starport Tech Lab  
  82  9:32  Widow Mine  
  82  9:33  SCV x2  
  85  9:45  SCV x2  
  86  9:55  Supply Depot  
  86  9:57  SCV  
  86  9:58  SCV  
  86  9:59  Marine x3  
  91  10:09  SCV  
  91  10:10  SCV  
  93  10:17  Marauder  
  93  10:18  Marauder  
  93  10:19  Supply Depot  
  97  10:38  Marauder  
  97  10:39  Marauder  
  101  10:45  Raven x3  
  107  10:55  Supply Depot  
  107  11:00  Marine x3  
  110  11:16  Marine  
  110  11:18  Marine, Supply Depot  
  112  11:28  Raven  
  114  11:33  Raven x2, Starport  
  114  11:39  Corvid Reactor  
  118  11:44  Supply Depot  
  118  11:50  Command Center  
  119  11:56  Marine x4  
  123  12:01  Widow Mine  
  123  12:05  Armory  
  123  12:13  Marine x2  
  123  12:14  Marine  
  126  12:19  Starport Reactor  
  128  12:30  Widow Mine  
  128  12:43  Missile Turret  
  128  12:47  Supply Depot  
  128  13:06  Missile Turret  
  128  13:08  Raven  
  128  13:09  Raven x2  
  128  13:10  Viking x2  
  128  13:11  Supply Depot  
  138  13:28  Marauder x2  
  138  13:29  Marine  
  143  13:35  Supply Depot  
  143  13:42  Orbital Command  
  143  13:50  Marauder x2  
  143  13:51  Missile Turret  
  147  13:59  Missile Turret x2  
  147  14:02  Terran Infantry Weapons Level 2  
  147  14:05  Terran Ship Weapons Level 1  
  147  14:09  Missile Turret  
  147  14:11  Marauder, Missile Turret  
  148  14:30  Missile Turret  
  148  14:33  Missile Turret, Siege Tank  
  148  14:35  Marine x4  
  155  14:53  Marine  
  156  15:02  Command Center  
  156  15:05  Siege Tank  
  159  15:12  Missile Turret  
  92  15:33  Missile Turret  
  81  15:53  Missile Turret  
  73  16:15  Missile Turret  
  71  16:35  Supply Depot  
  71  16:37  Supply Depot  
  71  16:38  Supply Depot  
  71  16:39  Supply Depot x2  
  71  17:49  Barracks  
  71  17:51  Barracks  
  71  18:04  Command Center  
  71  18:07  Engineering Bay  
  71  18:09  Barracks  
  70  18:51  Marine x2  
  72  18:57  Planetary Fortress  
  72  19:06  Missile Turret  
  72  19:08  Marine x2  
  74  19:10  Missile Turret  
  74  19:18  Marine  
  74  19:20  Orbital Command  
  75  19:26  Marine x2, Missile Turret  
  75  19:27  Factory  
  77  19:31  Missile Turret  
  77  19:32  Missile Turret  
  77  19:33  Missile Turret  
  77  19:36  Marine  
  78  19:39  Missile Turret  
  78  19:40  Command Center  
  78  19:44  Marine x2  
  79  19:53  Marine, Missile Turret  
  80  20:00  Missile Turret  
  80  20:02  Marine x2  
  82  20:09  Missile Turret  
  82  20:11  Marine  
  83  20:20  Marine, Starport  
  84  20:21  Starport  
  84  20:23  Missile Turret  
  84  20:25  Marine  
  85  20:29  Marine  
  85  20:33  Refinery, Missile Turret  
  85  20:35  Refinery  
  86  20:37  Marine  
  87  20:43  Marine  
  87  20:44  Refinery, Missile Turret  
  87  20:47  Marine  
  89  20:55  Marine  
  89  20:56  Refinery  
  88  20:59  Starport  
  88  21:01  Marine  
  87  21:05  Marine  
  79  21:13  Marine  
  77  21:19  Marine  
  77  21:23  Marine  
  78  21:31  Marine  
  78  21:37  Marine  
Tags
 
Add a new tag
Caveats
  • Supply blocks, unpowered buildings, or Contaminate may cause inaccurate times.
  • Supply counts are checked every 10 seconds.